| TOP OF THE 1ST |
|
Salt Lake Bees batting - Pitching for Omaha Storm Chasers : RHP Parker Warr
|
|
Pitching: RHP Parker Warr
|
|
|
Batting: RHB Mike Harkins
|
0-0: Called Strike 0-1: DOUBLE (Flyball, 8LXD, EV 113.8 MPH)
|
|
Batting: RHB Reginald McDougall
|
0-0: Swinging Strike 0-1: Swinging Strike 0-2: Ball 1-2: Foul Ball, location: 2F 1-2: Strikes out swinging
|
|
Batting: RHB Andres Mendiola
|
0-0: Ball 1-0: Called Strike 1-1: DOUBLE (Flyball, 89D, EV 95.6 MPH) Mike Harkins scores
|
|
Batting: LHB Matt Patnaude
|
0-0: Ball 1-0: Ball 2-0: Ball 3-0: Called Strike 3-1: Called Strike 3-2: Ground out 4-3 (Groundball, 34, EV 100.6 MPH) Andres Mendiola to third
|
|
Batting: RHB Guillermo Mojica
|
0-0: Called Strike 0-1: Swinging Strike 0-2: Strikes out swinging
|
| Top of the 1st over - 1 run, 2 hits, 0 errors, 1 left on base; Salt Lake 1 - Omaha 0 |
| BOTTOM OF THE 1ST |
|
Omaha Storm Chasers batting - Pitching for Salt Lake Bees : RHP Jared Pollard
|
|
Pitching: RHP Jared Pollard
|
|
|
Batting: RHB Yuichi Takata
|
0-0: Ball 1-0: Ball 2-0: Ball 3-0: Called Strike 3-1: Called Strike 3-2: Ground out 1-3 (Groundball, 25, EV 60.0 MPH)
|
|
Batting: RHB Bob Najar
|
0-0: Called Strike 0-1: Foul Ball, location: 2F 0-2: Ball 1-2: Ball 2-2: Ball 3-2: SINGLE (Groundball, 25, EV 71.3 MPH) (infield hit)
|
|
Batting: LHB Roman Downey
|
0-0: Ball 1-0: Ball 2-0: Called Strike 2-1: Foul Ball, location: 2F 2-2: Ball 3-2: SINGLE (Line Drive, 78M, EV 108.1 MPH) Bob Najar to second
|
|
Batting: LHB Justin Rupert
|
0-0: Ball 1-0: Ball Bob Najar steals 3rd base (no throw) 2-0: Fly out, F5 (Flyball, 56D, EV 80.6 MPH)
|
|
Batting: RHB Mikolas Markus
|
0-0: Ball 1-0: Fly out, F8 (Flyball, 89D, EV 103.8 MPH)
|
| Bottom of the 1st over - 0 runs, 2 hits, 0 errors, 2 left on base; Salt Lake 1 - Omaha 0 |
| TOP OF THE 2ND |
|
Salt Lake Bees batting - Pitching for Omaha Storm Chasers : RHP Parker Warr
|
|
Batting: RHB Cesar Ortega
|
0-0: Ball 1-0: Called Strike 1-1: Ball 2-1: Ball 3-1: Base on Balls
|
|
Batting: SHB Brendan Bundy
|
0-0: Called Strike 0-1: Swinging Strike 0-2: Ball 1-2: Ball 2-2: Grounds into double play, 4-6-3 (Groundball, 4, EV 86.9 MPH)
|
|
Batting: RHB Ryan Marler
|
0-0: Foul Ball, location: 2F 0-1: Foul Ball, location: 2F 0-2: Ball 1-2: Ball 2-2: Foul Ball, location: 2F 2-2: Ball 3-2: Strikes out swinging
|
| Top of the 2nd over - 0 runs, 0 hits, 0 errors, 0 left on base; Salt Lake 1 - Omaha 0 |
| BOTTOM OF THE 2ND |
|
Omaha Storm Chasers batting - Pitching for Salt Lake Bees : RHP Jared Pollard
|
|
Batting: RHB Nick Ogle
|
0-0: Swinging Strike 0-1: Ball 1-1: Ball 2-1: Ground out 4-3 (Groundball, 4M, EV 90.6 MPH)
|
|
Batting: RHB Chris Cooper
|
0-0: Fly out, F8 (Flyball, 89XD, EV 88.1 MPH)
|
|
Batting: RHB Joeri Plas
|
0-0: Called Strike 0-1: Ball 1-1: Ball 2-1: Ball 3-1: Foul Ball, location: 2F 3-2: Ground out 5-3 (Groundball, 56, EV 95.0 MPH)
|
| Bottom of the 2nd over - 0 runs, 0 hits, 0 errors, 0 left on base; Salt Lake 1 - Omaha 0 |
| TOP OF THE 3RD |
|
Salt Lake Bees batting - Pitching for Omaha Storm Chasers : RHP Parker Warr
|
|
Batting: SHB Ivan Barry
|
0-0: Called Strike 0-1: Swinging Strike 0-2: Ball 1-2: Ball 2-2: Ball 3-2: Foul Ball, location: 2F 3-2: Foul Ball, location: 2F 3-2: Strikes out looking
|
|
Batting: RHB Mike Harkins
|
0-0: Swinging Strike 0-1: Swinging Strike 0-2: Strikes out swinging
|
|
Batting: RHB Reginald McDougall
|
0-0: Ball 1-0: Foul Ball, location: 2F 1-1: Ball 2-1: DOUBLE (Groundball, 5L, EV 101.3 MPH)
|
|
Batting: RHB Andres Mendiola
|
0-0: Ball 1-0: Called Strike 1-1: Ball 2-1: Ball 3-1: Fly out, F9 (Flyball, 9S, EV 90.6 MPH)
|
| Top of the 3rd over - 0 runs, 1 hit, 0 errors, 1 left on base; Salt Lake 1 - Omaha 0 |
| BOTTOM OF THE 3RD |
|
Omaha Storm Chasers batting - Pitching for Salt Lake Bees : RHP Jared Pollard
|
|
Batting: RHB Aaron Moore
|
0-0: Called Strike 0-1: Swinging Strike 0-2: Strikes out swinging
|
|
Batting: RHB Yuichi Takata
|
0-0: Called Strike 0-1: Foul Ball, location: 2F 0-2: Strikes out looking
|
|
Batting: RHB Bob Najar
|
0-0: Ball 1-0: SINGLE (Groundball, 25, EV 66.9 MPH) (infield hit)
|
|
Batting: LHB Roman Downey
|
0-0: Ball 1-0: Swinging Strike 1-1: Ball 2-1: Foul Ball, location: 2F 2-2: Ball 3-2: Strikes out swinging
|
| Bottom of the 3rd over - 0 runs, 1 hit, 0 errors, 1 left on base; Salt Lake 1 - Omaha 0 |
| TOP OF THE 4TH |
|
Salt Lake Bees batting - Pitching for Omaha Storm Chasers : RHP Parker Warr
|
|
Batting: LHB Matt Patnaude
|
0-0: Called Strike 0-1: Called Strike 0-2: Ball 1-2: Ball 2-2: Ball 3-2: SOLO HOME RUN (Flyball, 9D, EV 95.6 MPH), Distance : 352 ft
|
|
Batting: RHB Guillermo Mojica
|
0-0: SINGLE (Flyball, 4MD, EV 98.8 MPH)
|
|
Batting: RHB Cesar Ortega
|
0-0: Ball Guillermo Mojica steals 2nd base 1-0: Ball 2-0: Called Strike 2-1: Swinging Strike 2-2: Ground out 6-3 (Groundball, 6, EV 96.9 MPH)
|
|
Batting: SHB Brendan Bundy
|
0-0: Ball 1-0: Ground out 4-3 (Groundball, 4, EV 86.3 MPH) Guillermo Mojica to third
|
|
Batting: RHB Ryan Marler
|
0-0: Ball 1-0: Ball 2-0: Called Strike 2-1: Called Strike 2-2: Foul Ball, location: 2F 2-2: Ball 3-2: Base on Balls
|
|
Batting: SHB Ivan Barry
|
0-0: Called Strike 0-1: Ball 1-1: Fly out, F8 (Flyball, 89D, EV 90.0 MPH)
|
| Top of the 4th over - 1 run, 2 hits, 0 errors, 2 left on base; Salt Lake 2 - Omaha 0 |
| BOTTOM OF THE 4TH |
|
Omaha Storm Chasers batting - Pitching for Salt Lake Bees : RHP Jared Pollard
|
|
Batting: LHB Justin Rupert
|
0-0: Ball 1-0: Foul Ball, location: 2F 1-1: SINGLE (Groundball, 34S, EV 75.0 MPH) (infield hit)
|
|
Batting: RHB Mikolas Markus
|
0-0: Ball 1-0: Foul Ball, location: 2F 1-1: Ball 2-1: Ball 3-1: Ground out 4-3 (Groundball, 4S, EV 74.4 MPH) Justin Rupert to second
|
|
Batting: RHB Nick Ogle
|
0-0: Ball 1-0: Foul Ball, location: 2F 1-1: Ball 2-1: Ball 3-1: Foul Ball, location: 2F 3-2: Foul Ball, location: 2F 3-2: Strikes out looking
|
|
Batting: RHB Chris Cooper
|
0-0: Ball 1-0: 2-RUN HOME RUN (Flyball, 9LD, EV 96.3 MPH), Distance : 346 ft
|
|
Batting: RHB Joeri Plas
|
0-0: Ball 1-0: Called Strike 1-1: Called Strike 1-2: Foul Ball, location: 2F 1-2: Ground out U3 (Groundball, 34, EV 82.5 MPH)
|
| Bottom of the 4th over - 2 runs, 2 hits, 0 errors, 0 left on base; Salt Lake 2 - Omaha 2 |
| TOP OF THE 5TH |
|
Salt Lake Bees batting - Pitching for Omaha Storm Chasers : RHP Parker Warr
|
|
Batting: RHB Mike Harkins
|
0-0: Called Strike 0-1: Foul Ball, location: 2F 0-2: Ball 1-2: Ball 2-2: Foul Ball, location: 2F 2-2: SINGLE (Groundball, 56D, EV 101.9 MPH)
|
|
Batting: RHB Reginald McDougall
|
0-0: Ball 1-0: Called Strike Mike Harkins steals 2nd base 1-1: Swinging Strike 1-2: Ground out 1-3 (Groundball, 15S, EV 68.1 MPH)
|
|
Batting: RHB Andres Mendiola
|
0-0: Called Strike 0-1: Called Strike 0-2: Foul Ball, location: 2F 0-2: Ball 1-2: Ground out 5-3 (Groundball, 56S, EV 83.8 MPH)
|
|
Batting: LHB Matt Patnaude
|
0-0: Ball 1-0: Ball 2-0: Fly out, F8 (Flyball, 8RS, EV 86.3 MPH)
|
| Top of the 5th over - 0 runs, 1 hit, 0 errors, 1 left on base; Salt Lake 2 - Omaha 2 |
| BOTTOM OF THE 5TH |
|
Omaha Storm Chasers batting - Pitching for Salt Lake Bees : RHP Jared Pollard
|
|
Batting: RHB Aaron Moore
|
0-0: Ball 1-0: Ball 2-0: Ground out 4-3 (Groundball, 4, EV 85.0 MPH)
|
|
Batting: RHB Yuichi Takata
|
0-0: Ground out U3 (Groundball, 34, EV 100.6 MPH)
|
|
Batting: RHB Bob Najar
|
0-0: Ball 1-0: Called Strike 1-1: Ground out 6-3 (Groundball, 6, EV 89.4 MPH)
|
| Bottom of the 5th over - 0 runs, 0 hits, 0 errors, 0 left on base; Salt Lake 2 - Omaha 2 |
| TOP OF THE 6TH |
|
Salt Lake Bees batting - Pitching for Omaha Storm Chasers : RHP Parker Warr
|
|
Pitching: RHP Dennis Holifield
|
|
|
Batting: RHB Guillermo Mojica
|
0-0: Called Strike 0-1: Ball 1-1: Ball 2-1: Foul Ball, location: 2F 2-2: Ball 3-2: Foul Ball, location: 2F 3-2: Foul Ball, location: 2F 3-2: DOUBLE (Line Drive, 9LD, EV 103.8 MPH)
|
|
Batting: RHB Cesar Ortega
|
0-0: Ball 1-0: Called Strike 1-1: Ball 2-1: Foul Ball, location: 2F 2-2: Strikes out swinging
|
|
Batting: SHB Brendan Bundy
|
0-0: Ground out 3-1 (Groundball, 34, EV 80.6 MPH) Guillermo Mojica to third
|
|
Batting: RHB Ryan Marler
|
0-0: Ball 1-0: Foul Ball, location: 2F 1-1: Ball 2-1: Swinging Strike 2-2: Foul Ball, location: 2F 2-2: Strikes out looking
|
| Top of the 6th over - 0 runs, 1 hit, 0 errors, 1 left on base; Salt Lake 2 - Omaha 2 |
| BOTTOM OF THE 6TH |
|
Omaha Storm Chasers batting - Pitching for Salt Lake Bees : RHP Jared Pollard
|
|
Batting: LHB Roman Downey
|
0-0: Ball 1-0: Called Strike 1-1: Foul Ball, location: 2F 1-2: Foul Ball, location: 2F 1-2: Ball 2-2: Strikes out swinging
|
|
Batting: LHB Justin Rupert
|
0-0: Swinging Strike 0-1: Swinging Strike 0-2: Foul Ball, location: 2F 0-2: Foul Ball, location: 2F 0-2: Ball 1-2: Ball 2-2: Ball 3-2: DOUBLE (Flyball, 78D, EV 101.9 MPH)
|
|
Batting: RHB Mikolas Markus
|
0-0: Called Strike 0-1: Ball 1-1: Foul Ball, location: 2F 1-2: Foul Ball, location: 2F 1-2: Ground out 3-1 (Groundball, 13, EV 81.3 MPH) Justin Rupert to third
|
|
Pitching: LHP Matt Barr
|
|
|
Batting: RHB Nick Ogle
|
0-0: Foul Ball, location: 2F 0-1: Ball 1-1: Ball 2-1: Ball 3-1: Foul Ball, location: 2F 3-2: Ground out 6-3 (Groundball, 6, EV 86.3 MPH)
|
| Bottom of the 6th over - 0 runs, 1 hit, 0 errors, 1 left on base; Salt Lake 2 - Omaha 2 |
| TOP OF THE 7TH |
|
Salt Lake Bees batting - Pitching for Omaha Storm Chasers : RHP Dennis Holifield
|
|
Pitching: RHP Sergio Quinones
|
|
|
Batting: SHB Ivan Barry
|
0-0: Ball 1-0: Ball 2-0: Called Strike 2-1: SINGLE (Groundball, 34D, EV 95.0 MPH)
|
|
Batting: RHB Mike Harkins
|
0-0: Sac Bunt to 13 - play at first, batter OUT! 1-4 Ivan Barry to second
|
|
Pinch Hitting: LHB Vinny Carreno
|
0-0: Ball 1-0: Foul Ball, location: 2F 1-1: Ground out 5-3 (Groundball, 56, EV 86.3 MPH)
|
|
Batting: RHB Andres Mendiola
|
0-0: Ball 1-0: Called Strike 1-1: Foul Ball, location: 2F 1-2: Foul Ball, location: 2F 1-2: Fly out, F4 (Popup, 23, EV 80.6 MPH)
|
| Top of the 7th over - 0 runs, 1 hit, 0 errors, 1 left on base; Salt Lake 2 - Omaha 2 |
| BOTTOM OF THE 7TH |
|
Omaha Storm Chasers batting - Pitching for Salt Lake Bees : LHP Matt Barr
|
|
Pitching: LHP Pete Zamarron
|
|
|
Now in CF: Matt Patnaude
|
|
|
Now in RF: Justin Lauderdale
|
|
|
Batting: RHB Chris Cooper
|
0-0: Foul Ball, location: 2F 0-1: Called Strike 0-2: Foul Ball, location: 2F 0-2: Foul Ball, location: 2F 0-2: Foul Ball, location: 2F 0-2: Strikes out swinging
|
|
Batting: RHB Joeri Plas
|
0-0: Called Strike 0-1: Ball 1-1: Foul Ball, location: 2F 1-2: SINGLE (Groundball, 5S, EV 71.9 MPH) (infield hit)
|
|
Batting: RHB Aaron Moore
|
0-0: Foul Ball, location: 2F 0-1: Ball 1-1: Foul Ball, location: 2F 1-2: SINGLE (Line Drive, 7S, EV 111.9 MPH) Joeri Plas to second
|
|
Batting: RHB Yuichi Takata
|
0-0: Hit by Pitch Joeri Plas to third Aaron Moore to second
|
|
Batting: RHB Bob Najar
|
0-0: Ball 1-0: Ball 2-0: Called Strike 2-1: Foul Ball, location: 2F 2-2: Strikes out swinging
|
|
Pinch Hitting: RHB Muneer Maudad
|
0-0: Ball 1-0: Called Strike 1-1: Swinging Strike 1-2: Strikes out swinging
|
| Bottom of the 7th over - 0 runs, 2 hits, 0 errors, 3 left on base; Salt Lake 2 - Omaha 2 |
| TOP OF THE 8TH |
|
Salt Lake Bees batting - Pitching for Omaha Storm Chasers : RHP Sergio Quinones
|
|
Now in RF: Muneer Maudad
|
|
|
Batting: LHB Matt Patnaude
|
0-0: Ball 1-0: Foul Ball, location: 2F 1-1: Swinging Strike 1-2: Ball 2-2: Ball 3-2: Fly out, F5 (Line Drive, 5, EV 68.1 MPH)
|
|
Batting: RHB Guillermo Mojica
|
0-0: Ball 1-0: Swinging Strike 1-1: Foul Ball, location: 2F 1-2: SINGLE (Groundball, 34D, EV 97.5 MPH)
|
|
Batting: RHB Cesar Ortega
|
0-0: Ball 1-0: Fielders Choice at 2nd, 6-4 (Groundball, 6, EV 85.6 MPH)
|
|
Batting: SHB Brendan Bundy
|
0-0: Ball Cesar Ortega steals 2nd base 1-0: Ball 2-0: Called Strike 2-1: Ball 3-1: Swinging Strike 3-2: Strikes out swinging
|
| Top of the 8th over - 0 runs, 1 hit, 0 errors, 1 left on base; Salt Lake 2 - Omaha 2 |
| BOTTOM OF THE 8TH |
|
Omaha Storm Chasers batting - Pitching for Salt Lake Bees : LHP Pete Zamarron
|
|
Pitching: LHP Nick Yarbrough
|
|
|
Pinch Hitting: RHB Eric Sandell
|
0-0: Ball 1-0: Called Strike 1-1: Foul Ball, location: 2F 1-2: Fly out, F9 (Flyball, 89D, EV 104.4 MPH)
|
|
Batting: RHB Mikolas Markus
|
0-0: Called Strike 0-1: Ball 1-1: Ball 2-1: Ball 3-1: Swinging Strike 3-2: Strikes out swinging
|
|
Batting: RHB Nick Ogle
|
0-0: Fly out, F9 (Flyball, 89D, EV 88.8 MPH)
|
| Bottom of the 8th over - 0 runs, 0 hits, 0 errors, 0 left on base; Salt Lake 2 - Omaha 2 |
| TOP OF THE 9TH |
|
Salt Lake Bees batting - Pitching for Omaha Storm Chasers : RHP Sergio Quinones
|
|
Pitching: RHP Joe Jordahl
|
|
|
Now at 1B: Eric Sandell
|
|
|
Batting: RHB Ryan Marler
|
0-0: Called Strike 0-1: Ground out 6-3 (Groundball, 56, EV 80.6 MPH)
|
|
Batting: SHB Ivan Barry
|
0-0: Ball 1-0: Ball 2-0: Ground out 6-3 (Groundball, 6M, EV 83.8 MPH)
|
|
Batting: RHB Mike Harkins
|
0-0: Called Strike 0-1: Foul Ball, location: 2F 0-2: Ball 1-2: Ball 2-2: Fly out, F9 (Flyball, 8RS, EV 78.8 MPH)
|
| Top of the 9th over - 0 runs, 0 hits, 0 errors, 0 left on base; Salt Lake 2 - Omaha 2 |
| BOTTOM OF THE 9TH |
|
Omaha Storm Chasers batting - Pitching for Salt Lake Bees : LHP Nick Yarbrough
|
|
Batting: RHB Chris Cooper
|
0-0: Ball 1-0: Ball 2-0: Foul Ball, location: 2F 2-1: Called Strike 2-2: Ball 3-2: Foul Ball, location: 2F 3-2: Base on Balls
|
|
Batting: RHB Joeri Plas
|
0-0: Called Strike Chris Cooper is caught stealing 2nd base 2-4 0-1: Foul Ball, location: 2F 0-2: Ball 1-2: Strikes out looking
|
|
Batting: RHB Aaron Moore
|
0-0: Swinging Strike 0-1: Ball 1-1: Called Strike 1-2: Ball 2-2: Foul Ball, location: 2F 2-2: Strikes out swinging
|
| Bottom of the 9th over - 0 runs, 0 hits, 0 errors, 0 left on base; Salt Lake 2 - Omaha 2 |
| TOP OF THE 10TH |
|
Salt Lake Bees batting - Pitching for Omaha Storm Chasers : RHP Joe Jordahl
|
|
Batting: RHB Justin Lauderdale
|
0-0: Foul Ball, location: 2F 0-1: Ball 1-1: Swinging Strike 1-2: Ball 2-2: SINGLE (Groundball, 56D, EV 94.4 MPH)
|
|
Batting: RHB Andres Mendiola
|
0-0: Ball 1-0: Called Strike 1-1: Ball 2-1: SINGLE (Flyball, 8RS, EV 96.9 MPH) Justin Lauderdale to second
|
|
Batting: LHB Matt Patnaude
|
0-0: Called Strike 0-1: Ball 1-1: Ball 2-1: Swinging Strike 2-2: Foul Ball, location: 2F 2-2: Strikes out looking
|
|
Batting: RHB Guillermo Mojica
|
0-0: Called Strike 0-1: Swinging Strike 0-2: Foul Ball, location: 2F 0-2: Ball 1-2: Foul Ball, location: 2F 1-2: Ball 2-2: Strikes out swinging
|
|
Pitching: LHP Chris Eaker
|
|
|
Batting: RHB Cesar Ortega
|
0-0: Ball 1-0: Called Strike 1-1: Swinging Strike 1-2: Ball 2-2: Ball 3-2: Foul Ball, location: 2F 3-2: Fly out, F9 (Line Drive, 9D, EV 103.8 MPH)
|
| Top of the 10th over - 0 runs, 2 hits, 0 errors, 2 left on base; Salt Lake 2 - Omaha 2 |
| BOTTOM OF THE 10TH |
|
Omaha Storm Chasers batting - Pitching for Salt Lake Bees : LHP Nick Yarbrough
|
|
Batting: RHB Yuichi Takata
|
0-0: Called Strike 0-1: Ball 1-1: Fly out, F9 (Flyball, 9, EV 91.3 MPH)
|
|
Batting: RHB Bob Najar
|
0-0: Called Strike 0-1: Ball 1-1: Ground out 1-3 (Groundball, 15S, EV 67.5 MPH)
|
|
Batting: RHB Muneer Maudad
|
0-0: Called Strike 0-1: Foul Ball, location: 2F 0-2: Ball 1-2: Strikes out swinging
|
| Bottom of the 10th over - 0 runs, 0 hits, 0 errors, 0 left on base; Salt Lake 2 - Omaha 2 |
| TOP OF THE 11TH |
|
Salt Lake Bees batting - Pitching for Omaha Storm Chasers : LHP Chris Eaker
|
|
Batting: SHB Brendan Bundy
|
0-0: Ball 1-0: Called Strike 1-1: Fly out, F8 (Flyball, 8RM, EV 84.4 MPH)
|
|
Batting: RHB Ryan Marler
|
0-0: Ball 1-0: Ground out 4-3 (Groundball, 4, EV 83.1 MPH)
|
|
Batting: SHB Ivan Barry
|
0-0: Foul Ball, location: 2F 0-1: Swinging Strike 0-2: Strikes out swinging
|
| Top of the 11th over - 0 runs, 0 hits, 0 errors, 0 left on base; Salt Lake 2 - Omaha 2 |
| BOTTOM OF THE 11TH |
|
Omaha Storm Chasers batting - Pitching for Salt Lake Bees : LHP Nick Yarbrough
|
|
Batting: RHB Eric Sandell
|
0-0: Called Strike 0-1: Foul Ball, location: 2F 0-2: Strikes out swinging
|
|
Batting: RHB Mikolas Markus
|
0-0: Ball 1-0: Called Strike 1-1: Foul Ball, location: 2F 1-2: Ground out 6-3 (Groundball, 6, EV 105.0 MPH)
|
|
Batting: RHB Nick Ogle
|
0-0: Ball 1-0: SINGLE (Groundball, 6MD, EV 101.3 MPH)
|
|
Batting: RHB Chris Cooper
|
0-0: Foul Ball, location: 2F 0-1: SINGLE (Line Drive, 6D, EV 98.8 MPH) Nick Ogle to second
|
|
Batting: RHB Joeri Plas
|
0-0: Swinging Strike 0-1: Ground out 5-3 (Groundball, 56S, EV 84.4 MPH)
|
| Bottom of the 11th over - 0 runs, 2 hits, 0 errors, 2 left on base; Salt Lake 2 - Omaha 2 |
| TOP OF THE 12TH |
|
Salt Lake Bees batting - Pitching for Omaha Storm Chasers : LHP Chris Eaker
|
|
Batting: RHB Mike Harkins
|
0-0: Ball 1-0: Foul Ball, location: 2F 1-1: Ball 2-1: Ball 3-1: Base on Balls
|
|
Batting: RHB Justin Lauderdale
|
0-0: Called Strike 0-1: Bunted foul 0-2: Fly out, F7 (Flyball, 78XD, EV 100.6 MPH) Runner from 1st tags up, SAFE at 2nd
|
|
Batting: RHB Andres Mendiola
|
0-0: Intentional Walk
|
|
Batting: LHB Matt Patnaude
|
0-0: Ball 1-0: Called Strike 1-1: Swinging Strike 1-2: Ball 2-2: Ball 3-2: Strikes out swinging
|
|
Batting: RHB Guillermo Mojica
|
0-0: Ball 1-0: Called Strike 1-1: Foul Ball, location: 2F 1-2: Ball 2-2: Fielders Choice at 2nd, 5-4 (Groundball, 56, EV 86.3 MPH)
|
| Top of the 12th over - 0 runs, 0 hits, 0 errors, 2 left on base; Salt Lake 2 - Omaha 2 |
| BOTTOM OF THE 12TH |
|
Omaha Storm Chasers batting - Pitching for Salt Lake Bees : LHP Nick Yarbrough
|
|
Batting: RHB Aaron Moore
|
0-0: Ball 1-0: Ball 2-0: Called Strike 2-1: Ball 3-1: Foul Ball, location: 2F 3-2: Ground out 6-3 (Groundball, 6M, EV 89.4 MPH)
|
|
Batting: RHB Yuichi Takata
|
0-0: SINGLE (Line Drive, 56D, EV 98.8 MPH)
|
|
Batting: RHB Bob Najar
|
0-0: Ball Yuichi Takata is caught stealing 2nd base 2-4 1-0: Ball 2-0: Ground out 5-3 (Groundball, 56S, EV 66.3 MPH)
|
| Bottom of the 12th over - 0 runs, 1 hit, 0 errors, 0 left on base; Salt Lake 2 - Omaha 2 |
| TOP OF THE 13TH |
|
Salt Lake Bees batting - Pitching for Omaha Storm Chasers : LHP Chris Eaker
|
|
Pitching: RHP Gan Ts'ong
|
|
|
Batting: RHB Cesar Ortega
|
0-0: Foul Ball, location: 2F 0-1: Hit by Pitch
|
|
Batting: SHB Brendan Bundy
|
0-0: Ball 1-0: Foul Ball, location: 2F 1-1: Ball 2-1: Foul Ball, location: 2F 2-2: Foul Ball, location: 2F 2-2: Fielders Choice at 2nd, 4-6 (Groundball, 4S, EV 76.9 MPH)
|
|
Batting: RHB Ryan Marler
|
0-0: Ball 1-0: Called Strike 1-1: Foul Ball, location: 2F 1-2: Ball Brendan Bundy steals 2nd base 2-2: Ground out 6-3 (Groundball, 6, EV 91.3 MPH)
|
|
Batting: SHB Ivan Barry
|
0-0: DOUBLE (Groundball, 3L, EV 96.9 MPH) Brendan Bundy scores
|
|
Batting: RHB Mike Harkins
|
0-0: Ball 1-0: Called Strike 1-1: Ball 2-1: Called Strike 2-2: Foul Ball, location: 2F 2-2: Foul Ball, location: 2F 2-2: Fly out, F8 (Line Drive, 8LM, EV 106.9 MPH)
|
| Top of the 13th over - 1 run, 1 hit, 0 errors, 1 left on base; Salt Lake 3 - Omaha 2 |
| BOTTOM OF THE 13TH |
|
Omaha Storm Chasers batting - Pitching for Salt Lake Bees : LHP Nick Yarbrough
|
|
Batting: RHB Muneer Maudad
|
0-0: Ball 1-0: Ground out 6-3 (Groundball, 6, EV 81.3 MPH)
|
|
Batting: RHB Eric Sandell
|
0-0: Called Strike 0-1: Ball 1-1: Ball 2-1: Ground out 4-3 (Groundball, 4, EV 85.0 MPH)
|
|
Batting: RHB Mikolas Markus
|
0-0: Called Strike 0-1: Foul Ball, location: 2F 0-2: Ball 1-2: Foul Ball, location: 2F 1-2: Foul Ball, location: 2F 1-2: Foul Ball, location: 2F 1-2: Ball 2-2: Ball 3-2: Foul Ball, location: 2F 3-2: Base on Balls
|
|
Batting: RHB Nick Ogle
|
0-0: Ball 1-0: Ball 2-0: Called Strike 2-1: Ball 3-1: Base on Balls Mikolas Markus to second
|
|
Pitching: LHP Brennan Duncan
|
|
|
Batting: RHB Chris Cooper
|
0-0: Ball 1-0: Ball 2-0: Ball 3-0: Base on Balls Mikolas Markus to third Nick Ogle to second
|
|
Batting: RHB Joeri Plas
|
0-0: Foul Ball, location: 2F 0-1: Ball 1-1: Ball 2-1: Ball Wild Pitch! Mikolas Markus scores Nick Ogle to third Chris Cooper to second 3-1: Fly out, F8 (Flyball, 8RD, EV 89.4 MPH)
|
| Bottom of the 13th over - 1 run, 0 hits, 0 errors, 2 left on base; Salt Lake 3 - Omaha 3 |
| TOP OF THE 14TH |
|
Salt Lake Bees batting - Pitching for Omaha Storm Chasers : RHP Gan Ts'ong
|
|
Batting: RHB Justin Lauderdale
|
0-0: Called Strike 0-1: Swinging Strike 0-2: Ball 1-2: Ground out 6-3 (Groundball, 6, EV 84.4 MPH)
|
|
Batting: RHB Andres Mendiola
|
0-0: Ball 1-0: Ball 2-0: Ball 3-0: Called Strike 3-1: Called Strike 3-2: Base on Balls
|
|
Batting: LHB Matt Patnaude
|
0-0: Ball 1-0: Foul Ball, location: 2F 1-1: Called Strike Andres Mendiola is caught stealing 2nd base 2-6 1-2: Ball 2-2: Strikes out swinging
|
| Top of the 14th over - 0 runs, 0 hits, 0 errors, 0 left on base; Salt Lake 3 - Omaha 3 |
| BOTTOM OF THE 14TH |
|
Omaha Storm Chasers batting - Pitching for Salt Lake Bees : LHP Brennan Duncan
|
|
Batting: RHB Aaron Moore
|
0-0: Fly out, F7 (Flyball, 7D, EV 93.8 MPH)
|
|
Batting: RHB Yuichi Takata
|
0-0: Swinging Strike 0-1: Called Strike 0-2: Ball 1-2: SOLO HOME RUN (Flyball, 89XD, EV 98.8 MPH), Distance : 384 ft
|
| Bottom of the 14th over - 1 run, 1 hit, 0 errors, 0 left on base; Salt Lake 3 - Omaha 4 |
| |
|
Game Over ... Omaha defeats Salt Lake, 4 to 3
|
|
|